Map: 强酸工厂 - 天梯版

Players

HHQuanTa

  • Race: Terran Terran
  • League: Master
  • Spawn Location: 11:00

IIIIIIIIIIII - Winner!

  • Race: Terran Terran
  • League: Grandmaster
  • Spawn Location: 5:00

VOD

Have the link to the VOD?

Description

Time

  • Played on: July 6, 2018, 9:50 a.m.
  • Length: 14:31
Show
View Real Time Build Order
Export as new Build Order

HHQuanTa Terran 

Build Orders: 1/1/1, Cyclone Opening, Bio Tank 

Get SALT Encoding   

  12  0:01  SCV  
  13  0:13  SCV  
  14  0:17  Supply Depot  
  14  0:25  SCV  
  15  0:29  Refinery  
  15  0:39  SCV  
  16  0:45  Barracks  
  16  0:51  SCV  
  16  0:55  Refinery  
  17  1:03  SCV  
  18  1:15  SCV  
  19  1:33  Factory  
  19  1:34  Orbital Command  
  19  1:37  Reaper  
  20  1:44  Supply Depot  
  20  1:59  SCV  
  21  2:11  Reaper  
  21  2:14  SCV  
  23  2:17  Hellion  
  23  2:18  Starport  
  25  2:28  SCV  
  26  2:37  Supply Depot  
  26  2:45  Barracks Tech Lab, Cyclone  
  26  2:46  SCV  
  30  3:02  SCV  
  31  3:16  Cloaking Field, Banshee  
  34  3:25  SCV  
  32  3:28  Cyclone  
  34  3:39  Command Center  
  34  3:41  SCV  
  35  3:43  Barracks Reactor  
  35  3:53  SCV  
  36  3:58  Supply Depot  
  36  4:07  Factory Tech Lab  
  36  4:08  Banshee  
  39  4:12  Engineering Bay  
  39  4:20  SCV  
  39  4:22  Marine x2  
  42  4:31  Siege Tank  
  42  4:35  SCV  
  43  4:39  Marine x2  
  43  4:40  Terran Infantry Weapons Level 1  
  45  4:48  SCV  
  45  4:49  Refinery  
  46  4:57  Orbital Command  
  48  5:07  Siege Tank  
  48  5:08  SCV  
  50  5:20  SCV  
  51  5:23  SCV  
  44  5:28  Starport Reactor  
  44  5:32  SCV  
  38  5:35  SCV, Marine  
  38  5:36  Stimpack  
  40  5:43  Barracks  
  40  5:44  SCV  
  40  5:48  SCV  
  42  5:56  Marine  
  42  5:57  SCV  
  44  6:00  SCV  
  45  6:09  SCV  
  45  6:10  Barracks  
  46  6:12  SCV  
  46  6:14  Marine, Starport Reactor  
  48  6:21  SCV  
  48  6:24  SCV  
  53  6:25  Siege Tank  
  53  6:32  Marine  
  54  6:33  SCV  
  54  6:38  Marine x2  
  57  6:42  SCV, Supply Depot  
  57  6:43  Command Center  
  58  6:49  SCV  
  58  6:50  Marine  
  58  6:53  Refinery  
  58  6:54  SCV, Terran Infantry Armor Level 1  
  60  6:55  Supply Depot x2  
  60  6:56  Marine  
  62  7:02  Supply Depot  
  62  7:04  Medivac, SCV, Siege Tank  
  62  7:06  Marine  
  68  7:10  Marine x2  
  68  7:11  Marine  
  59  7:24  SCV x2  
  55  7:31  Marine x2  
  55  7:32  Marine  
  55  7:36  SCV x2, Siege Tank  
  63  7:39  Marine  
  63  7:41  Combat Shields  
  63  7:42  Marine  
  65  7:48  SCV  
  65  7:49  Marine  
  65  7:51  Marine x2  
  67  7:57  Marine, Starport Reactor  
  70  8:00  Marine, Planetary Fortress  
  70  8:01  SCV  
  70  8:02  SCV  
  73  8:07  Marine  
  73  8:09  Marine  
  73  8:10  Armory  
  75  8:13  SCV  
  75  8:14  Marine x2, SCV  
  75  8:18  Marine  
  80  8:22  Siege Tank  
  80  8:25  Marine, SCV  
  80  8:26  SCV, Marine  
  87  8:34  Marine x2  
  87  8:40  Marine  
  90  8:43  Marine  
  90  8:44  Marine  
  92  8:50  SCV  
  92  8:51  SCV x2  
  95  8:55  Marine  
  95  8:56  Marine, Siege Tank  
  95  8:58  Marine  
  95  9:01  Marine  
  95  9:02  Marine, SCV, Medivac  
  106  9:04  SCV  
  106  9:05  Engineering Bay  
  104  9:11  Terran Infantry Weapons Level 2  
  104  9:16  SCV  
  105  9:20  Marine x4  
  109  9:28  Siege Tank  
  87  9:34  Marine  
  87  9:36  SCV x3  
  87  9:37  Marine  
  65  9:39  Marine x2  
  66  9:48  SCV x2  
  66  9:49  SCV  
  66  9:52  Medivac  
  71  10:00  SCV x2  
  71  10:01  SCV  
  71  10:02  Marine x3  
  71  10:03  Marine  
  78  10:08  Marine, Sensor Tower  
  78  10:13  SCV  
  80  10:18  Siege Tank  
  80  10:20  Marine x2  
  85  10:27  Terran Infantry Armor Level 2  
  83  10:35  Marine x3  
  72  10:38  Marine x2, SCV x3  
  72  10:42  Barracks  
  80  10:43  Barracks  
  80  10:53  Marine x3  
  80  10:56  Marine  
  81  11:03  Marine  
  81  11:05  Medivac x2  
  81  11:07  SCV x2  
  81  11:11  Marine x3  
  86  11:14  Marine  
  86  11:15  SCV  
  90  11:19  SCV  
  90  11:20  SCV  
  92  11:27  SCV, Marine  
  92  11:29  Marine  
  92  11:30  Barracks Reactor x2  
  93  11:35  SCV  
  93  11:37  Marine x2  
  93  11:38  Marine, Siege Tank  
  100  11:42  Missile Turret  
  100  11:43  Missile Turret  
  100  11:45  Marine  
  101  11:48  Marine  
  101  11:50  SCV x3  
  105  11:55  Marine x3  
  97  12:02  SCV  
  97  12:03  Marine, SCV x2  
  101  12:09  Marine x4  
  101  12:14  SCV  
  106  12:22  Marine x2  
  106  12:25  Marine  
  109  12:37  Marine x3  
  109  12:38  Medivac x2, SCV x2, Siege Tank, Supply Depot  
  109  12:41  Supply Depot  
  121  12:44  Marine  
  121  12:45  Marine  
  121  12:46  Marine x2  
  125  13:00  SCV x3  
  125  13:03  Marine x3  
  130  13:08  Medivac  
  130  13:10  Siege Tank  
  134  13:17  SCV  
  124  13:36  Marine  
  124  13:37  Marine x3  
  124  13:38  Marine x2  
  111  13:42  Marine x3  
  111  13:44  SCV x2  
  110  13:50  Missile Turret  
  110  13:54  Marine x2  
  112  13:58  Refinery x2, Medivac, Siege Tank  
  112  14:01  Marine x3  
  120  14:07  Sensor Tower  
  120  14:08  Marine x3  
  123  14:13  Marine x3  
Show
View Real Time Build Order
Export as new Build Order

IIIIIIIIIIII Terran - Winner!

Build Orders: Cyclone Opening, Bio Tank 

Get SALT Encoding   

  12  0:01  SCV  
  13  0:13  SCV  
  14  0:17  Supply Depot  
  14  0:25  SCV  
  15  0:31  Refinery  
  15  0:38  SCV  
  16  0:44  Barracks  
  16  0:50  SCV  
  16  0:56  Refinery  
  17  1:02  SCV  
  18  1:15  SCV  
  19  1:30  Orbital Command  
  19  1:32  Reaper  
  20  1:36  Factory  
  20  1:41  Supply Depot  
  20  1:56  SCV  
  21  2:04  Reaper  
  21  2:08  SCV  
  23  2:20  SCV, Hellion  
  26  2:29  Command Center  
  26  2:32  SCV  
  27  2:38  Supply Depot  
  26  2:44  Cyclone  
  26  2:45  SCV  
  30  2:55  Starport  
  30  2:58  SCV  
  31  3:10  SCV  
  32  3:16  Cyclone  
  32  3:17  Barracks Reactor  
  34  3:23  SCV  
  34  3:31  Medivac, Supply Depot  
  36  3:35  SCV  
  37  3:47  SCV  
  38  3:48  Factory Tech Lab  
  38  3:55  Marine x2  
  40  3:59  SCV  
  41  4:07  Orbital Command  
  41  4:09  Siege Tank  
  44  4:10  Medivac  
  44  4:13  Marine x2  
  44  4:14  SCV  
  44  4:16  Supply Depot  
  48  4:26  SCV  
  48  4:30  Marine x2  
  51  4:33  SCV  
  51  4:37  Supply Depot  
  51  4:38  SCV  
  53  4:43  Starport Tech Lab  
  53  4:44  Siege Tank  
  56  4:48  SCV  
  57  4:58  SCV  
  58  5:00  SCV  
  59  5:08  Refinery, Engineering Bay, Starport Reactor  
  59  5:09  Barracks  
  59  5:10  SCV, Barracks  
  59  5:12  SCV, Stimpack  
  59  5:13  Marine  
  62  5:22  SCV  
  62  5:25  SCV  
  57  5:32  Marine  
  57  5:33  Siege Tank  
  57  5:34  SCV  
  57  5:37  SCV  
  58  5:46  Terran Infantry Weapons Level 1  
  58  5:47  SCV  
  58  5:49  SCV, Missile Turret  
  60  5:50  Marine  
  60  5:56  Supply Depot  
  59  5:59  SCV  
  59  6:01  SCV  
  59  6:04  Marine x2  
  60  6:08  Marine  
  60  6:11  SCV  
  61  6:13  SCV  
  61  6:14  Starport Reactor  
  61  6:19  Missile Turret  
  61  6:21  Marine  
  61  6:23  SCV  
  61  6:25  SCV  
  63  6:29  Supply Depot  
  63  6:35  SCV  
  63  6:37  SCV  
  63  6:38  Marine x4  
  63  6:39  Marine  
  70  6:41  Siege Tank  
  71  6:47  SCV  
  71  6:51  SCV  
  73  6:56  Marine x2  
  73  6:59  SCV  
  76  7:03  SCV  
  76  7:08  Marine x2  
  76  7:11  SCV  
  76  7:12  Marine  
  76  7:13  Marine, Combat Shields  
  79  7:22  SCV, Marine  
  75  7:25  Marine  
  75  7:26  Marine, Siege Tank  
  75  7:27  SCV  
  73  7:30  Marine  
  73  7:31  Command Center  
  73  7:34  SCV, Medivac, Missile Turret  
  77  7:39  SCV, Marine  
  77  7:40  Marine  
  77  7:43  Medivac  
  82  7:46  Terran Infantry Armor Level 1  
  82  7:47  Marine  
  83  7:52  Refinery  
  82  8:00  SCV, Barracks  
  82  8:01  SCV, Barracks  
  84  8:06  Marine x2  
  84  8:10  Supply Depot  
  84  8:12  Supply Depot  
  86  8:13  SCV  
  86  8:17  Marine  
  86  8:19  Marine  
  86  8:31  Marine x3, SCV x2  
  89  8:34  Marine  
  89  8:36  Marine  
  89  8:40  Medivac x2, Siege Tank  
  96  8:43  SCV x2  
  96  8:49  Marine x3  
  96  8:52  Marine  
  96  8:53  Barracks Reactor x2  
  96  8:54  Marine  
  99  8:55  SCV x2  
  99  8:57  Orbital Command  
  100  9:07  SCV x2  
  100  9:09  Armory  
  101  9:10  Marine x3  
  101  9:11  Marine, Engineering Bay  
  101  9:14  Marine  
  106  9:20  SCV x2  
  108  9:28  Marine x3  
  108  9:29  Marine  
  106  9:31  SCV  
  106  9:32  Marine, Medivac  
  106  9:34  Liberator  
  103  9:38  Marine  
  103  9:39  Marine x2  
  103  9:41  Marine  
  103  9:43  SCV  
  98  9:46  Marine x3  
  98  9:47  Marine  
  98  9:50  Marine  
  104  9:59  Refinery  
  104  10:00  Refinery, Marine x4, Sensor Tower  
  104  10:01  Sensor Tower  
  108  10:07  Marine  
  108  10:08  Marine  
  108  10:11  Siege Tank  
  113  10:15  Terran Infantry Weapons Level 2  
  113  10:19  Terran Infantry Armor Level 2  
  113  10:21  Marine  
  113  10:22  Marine  
  113  10:26  Marauder  
  113  10:27  Marine  
  113  10:28  Marine  
  116  10:29  SCV  
  116  10:32  SCV  
  116  10:33  Marine  
  116  10:34  SCV  
  115  10:43  Marine x2  
  115  10:44  Sensor Tower  
  115  10:45  Bunker  
  117  10:55  Marine  
  117  10:57  Marine, Siege Tank  
  118  11:06  Marine x2  
  118  11:07  Marine x3  
  123  11:15  Terran Vehicle Weapons Level 1  
  123  11:16  SCV  
  124  11:18  Supply Depot  
  124  11:19  Supply Depot  
  124  11:23  SCV, Supply Depot  
  125  11:29  Siege Tank  
  125  11:30  SCV x2  
  130  11:33  Medivac  
  130  11:35  SCV  
  133  11:40  Marine x4, Medivac  
  139  11:50  Refinery  
  139  11:51  Marine x2  
  133  12:03  Marine x6, Siege Tank  
  142  12:09  Factory  
  142  12:11  Marine x2  
  145  12:20  Marine  
  145  12:21  Marine x4  
  149  12:24  Marine x2  
  149  12:25  Missile Turret  
  149  12:28  Missile Turret  
  149  12:29  Marine  
  152  12:35  Siege Tank  
  154  12:45  Marine x2  
  156  12:52  Marine x5  
  156  12:55  Marine x2  
  163  13:03  Marine x2  
  165  13:10  Marine  
  165  13:23  Supply Depot x2  
  165  13:25  Marine x2, Supply Depot  
  165  13:26  Marine x2  
  164  13:28  Siege Tank  
  156  13:34  Marine x4  
  156  13:35  Marine  
  156  13:37  Medivac  
  153  13:43  Marine x3  
  153  13:44  Marine  
  154  13:52  Marine  
  155  14:01  Factory Tech Lab  
  155  14:02  Marine x4  
  161  14:03  Marine x4  
  161  14:04  Command Center  
  166  14:10  Marine  
  166  14:15  Sensor Tower, Missile Turret  
Tags
 
Add a new tag
Caveats
  • Supply blocks, unpowered buildings, or Contaminate may cause inaccurate times.
  • Supply counts are checked every 10 seconds.